 Dungeon Crawl Stone Soup version 0.27-a0-1184-ge86db4a01e (webtiles) character file.

Game seed: 3465961987082878354

28 ZappyNine the Gusty (level 3, 0/19 HPs)
             Began as a Deep Elf Air Elementalist on May 18, 2021.
             Succumbed to an adder's poison
             ... on level 2 of the Dungeon.
             The game lasted 00:02:02 (1026 turns).

ZappyNine the Gusty (Deep Elf Air Elementalist)     Turns: 1026, Time: 00:02:03

Health: 0/19       AC:  2    Str:  6    XL:     3   Next: 0%
Magic:  5/9        EV: 12    Int: 19    God:
Gold:   28         SH:  0    Dex: 15    Spells: 7/8 levels left

rFire    . . .     SeeInvis .   c - +2 spear (flame)
rCold    . . .     Faith    .   (no shield)
rNeg     . . .     Spirit   .   a - +0 robe
rPois    .         Reflect  .   (no helmet)
rElec    .         Harm     .   (no cloak)
rCorr    .         Rampage  .   (no gloves)
Will     .....                  (no boots)
Stlth    ++........             (no amulet)
HPRegen  0.06/turn              (no ring)
MPRegen  0.11/turn              (no ring)

@: brilliant, lethally poisoned (0 -> -11), very slightly contaminated
A: no striking features
a: no special abilities


You were on level 2 of the Dungeon.
You visited 1 branch of the dungeon, and saw 2 of its levels.

You collected 28 gold pieces.

Inventory:

Hand Weapons
 c - a +2 spear of flaming (weapon)
Armour
 a - a +0 robe (worn)
Jewellery
 b - an amulet of regeneration
Wands
 h - a wand of acid (4)
Scrolls
 d - 3 scrolls of identify {unknown}
 g - 2 scrolls of enchant weapon {unknown}
 i - a scroll of blinking {unknown}
Potions
 e - a potion of brilliance


   Skills:
 + Level 0.1 Fighting
 - Level 2.4 Dodging
 - Level 2.4 Stealth
 + Level 3.4 Spellcasting
 + Level 1.8 Conjurations
 * Level 3.6 Air Magic


You had 7 spell levels left.
You knew the following spells:

 Your Spells              Type           Power      Damage    Failure   Level
a - Shock                 Conj/Air       80%        1d8       4%          1

Your spell library contained the following spells:

 Spells                   Type           Power      Damage    Failure   Level
 Static Discharge         Conj/Air       20%        N/A       7%          2
 Swiftness                Air            25%        N/A       10%         3
 Airstrike                Air            12%        N/A       32%         4
 Lightning Bolt           Conj/Air       10%        1d23      78%         5


Dungeon Overview and Level Annotations

Branches:
Dungeon (2/15)

Altars:


Message History

Aim: an adder (53% to hit)
You feel a surge of power!
You miscast Shock.
You are very lightly contaminated with residual magic.
Nothing appears to happen.
You feel sick. The adder barely misses you.
Unknown command.
Unknown command.
Casting: Shock (safe; 4% risk of failure)
Confirm with . or Enter, or press ? or * to list all spells.
Aiming: Shock (safe; 4% risk of failure)
Press: ? - help, Shift-Dir - straight line, p - adder You feel a surge of power!
The zap misses the adder.
You feel sick. The adder bites you.
You are lethally poisoned!
The adder poisons you!
Unknown command.
Unknown command.
Casting: Shock (safe; 4% risk of failure)
Confirm with . or Enter, or press ? or * to list all spells.
Aiming: Shock (safe; 4% risk of failure)
Press: ? - help, Shift-Dir - straight line You feel a surge of power!
The zap hits the adder.
The adder is heavily wounded.
You feel sick. The adder misses you. The adder bites you.
You are more poisoned.
The adder poisons you!
Casting: Shock (safe; 4% risk of failure)
Confirm with . or Enter, or press ? or * to list all spells.
Aiming: Shock (safe; 4% risk of failure)
Press: ? - help, Shift-Dir - straight line, f - adder
Aim: an adder (heavily wounded, 53% to hit)
You feel a surge of power!
The zap hits the adder.
You kill the adder!
* * * LOW HITPOINT WARNING * * *
You feel very sick.
You have reached level 3!
Your experience leads to an increase in your attributes!
Increase (S)trength, (I)ntelligence, or (D)exterity?
You feel stronger.
Unknown command.
You die...

#########
####.†.@...#
#....#####.#
#.####
#.#############
..
#.##..........#
..#
#.#............
#.
#..............
#
#..............
##.##..........
##...##.........


There were no monsters in sight!

Vanquished Creatures
  An adder (D:2)
  4 ball pythons
  An endoplasm (D:1)
  A giant cockroach (D:1)
  2 goblins
  2 hobgoblins (D:1)
  2 frilled lizards (D:1)
  3 kobolds (D:1)
  4 rats (D:1)
20 creatures vanquished.

Notes
Turn   | Place    | Note
-------+----------+-------------------------------------------
     0 | D:1      | ZappyNine the Deep Elf Air Elementalist began the quest for
                  | the Orb.
     0 | D:1      | Reached XP level 1. HP: 10/10 MP: 6/6
   235 | D:1      | Reached XP level 2. HP: 12/15 MP: 8/8
  1026 | D:2      | Reached XP level 3. HP: 3/19 MP: 4/9
  1026 | D:2      | Succumbed to an adder's poison

Illustrated notes

Levels and vault maps discovered:
D:1:      roderic_chinese_lattice_arrival, layout_loops_ring
D:2:      minmay_razor_zed, layout_rooms, basic_altar, amcnicky_mini_pool_small,
          minmay_divided_ellipse, uniq_sigmund

Action                   || total
-------------------------++-------
Melee: Spear             ||    34
 Cast: Shock             ||     8
  Use: Potion            ||     2
 Stab: Sleeping          ||     5
Armor: Robe              ||     4
Dodge: Dodged            ||    11

Table legend: (Time is in decaauts)
 A = Elapsed time spent in this place.
 B = Non-inter-level travel time spent in this place.
 C = Inter-level travel time spent in this place.
 D = Time resting spent in this place.
 E = Time spent auto-exploring this place.
 F = Levels seen in this place.
 G = Mean time per level.
                   A        B        C        D        E       F      G
               +--------+--------+--------+--------+--------+-----+--------+
         Total |   1028 |    986 |     42 |      0 |    832 |   2 |  514.0 |
       Dungeon |   1028 |    986 |     42 |      0 |    832 |   2 |  514.0 |
               +--------+--------+--------+--------+--------+-----+--------+

Top non-repeatable levels by time:
     D:1: 816 daAuts
     D:2: 212 daAuts
